 Dungeon Crawl Stone Soup version 0.19-a0-376-gf780d9b (webtiles) character file.

137 nubinia the Digger (level 5, 41/42 HPs)
             Began as a Deep Dwarf Earth Elementalist on May 30, 2016.
             Was a Follower of Ashenzari.
             Quit the game on level 3 of the Dungeon.
             The game lasted 00:16:37 (2464 turns).

nubinia the Digger (Deep Dwarf Earth Elementalist)  Turns: 2464, Time: 00:16:38

Health: 41/42      AC:  2    Str: 11    XL:     5   Next: 0%
Magic:  3/9        EV: 13    Int: 17    God:    Ashenzari [*.....]
Gold:   93         SH:  0    Dex: 13    Spells: 3 memorised, 3 levels left

rFire  . . .     SeeInvis +     a - +0 hunting sling
rCold  + . .     Gourm    .     e - +0 robe
rNeg   . . .     Faith    .     (no shield)
rPois  .         Spirit   .     (no helmet)
rElec  .         Dismiss  .     (no cloak)
rCorr  .         Reflect  .     (no gloves)
SustAt .         Harm     .     (no boots)
MR     .....                    (no amulet)
Stlth  ++........               t - ring of protection from cold
                                h - ring of see invisible

@: non-regenerating, not resistant to hostile enchantments, unstealthy
A: damage resistance, recharge devices, sense surroundings 1, slow regeneration
3
a: Device Recharging, Curse Item, Scrying, Renounce Religion


You were on level 3 of the Dungeon.
You worshipped Ashenzari.
Ashenzari was aware of your devotion.
You were not hungry.

You visited 1 branch of the dungeon, and saw 3 of its levels.

You collected 93 gold pieces.

Inventory:

Hand Weapons
 a - a +0 hunting sling (weapon)
 l - a +0 club
Missiles
 b - 38 stones
 m - 45 sling bullets (quivered)
Armour
 e - a +0 robe (worn)
Jewellery
 h - a ring of see invisible (left hand)
 o - an uncursed ring of protection from magic
 t - a ring of protection from cold (right hand)
Wands
 d - a wand of heal wounds (4/9)
 s - a wand of enslavement (12/24)
Scrolls
 g - a scroll of amnesia {unknown}
 i - 2 scrolls of fear {unknown}
 j - a scroll of noise {unknown}
 k - 3 scrolls of identify
 q - a scroll of enchant armour {unknown}
 r - a scroll of teleportation {unknown}
Potions
 p - a potion of might
Books
 c - a book of Geomancy

   Spells                             Type                      Level
   a - Sandblast                      Earth                        1
   b - Passwall                       Transmutation/Earth          2
   c - Stone Arrow                    Conjuration/Earth            3
   d - Petrify                        Transmutation/Earth          4
   e - Lee's Rapid Deconstruction     Earth                        5
Comestibles
 f - a bread ration
 n - 2 meat rations


   Skills:
 + Level 0.6 Maces & Flails
 + Level 0.4 Slings
 + Level 2.9 Dodging
 + Level 2.7 Stealth
 + Level 2.8 Spellcasting
 + Level 0.8 Transmutations
 + Level 5.8 Earth Magic


You had 3 spell levels left.
You knew the following spells:

 Your Spells              Type           Power        Failure   Level  Hunger
a - Sandblast             Erth           ###...       1%          1    #......
b - Passwall              Tmut/Erth      ##........   10%         2    ##.....
c - Stone Arrow           Conj/Erth      ##....       17%         3    ###....


Dungeon Overview and Level Annotations

Branches:
Dungeon (3/15)

Altars:
Ashenzari

Annotations:
D:3 Terence


Innate Abilities, Weirdness & Mutations

You are resistant to damage.
You can recharge devices by infusing magical energy.
You passively map a small area around you.
You do not regenerate naturally.


Message History

You shoot a sling bullet.
The sling bullet closely misses Terence.
Casting: Sandblast
Confirm with . or Enter, or press ? or * to list all spells.
Aiming: Stone Arrow
Press: ? - help, Shift-Dir - straight line, f/p - Terence
Aim: Terence, wielding a trident and wearing a chain mail The stone arrow hits Terence.
Terence is lightly wounded.
Casting: Stone Arrow
Confirm with . or Enter, or press ? or * to list all spells.
Aiming: Stone Arrow
Press: ? - help, Shift-Dir - straight line, f/p - Terence
Aim: Terence, wielding a trident and wearing a chain mail (lightly wounded)
The stone arrow misses Terence.
Terence screams, "I want your blood!"
Terence hits you from afar with a trident.
Things that are here:
an uncursed leather armour; an uncursed dagger Are you sure you want to abandon this character and quit the game? (Confirm with "yes".)

###.##.#..#
#.#..#######
#.##..(.##
#....#.....#
#.##.#...##
#.##.#.###.#
#.......#.#
#.##.....#.#####
####.##..#
#.####.#........
#..#.##
#.####.....#.###
#.#..#
#....#######.#
#.##.########.##.#
#.###
#.##.[[.@..@..##.#
#....
#.##############.#
###..## #.#
##.#####...... #.#
#..[.....#).## #.#
#..#######..# #.#
#..# #..## #.#####
#..#######....
#....)#
####...........##
#####.#
#....########....


You could see Terence.

Vanquished Creatures
  An orc wizard (D:3)
  3 adders (D:3)
  A worm (D:2)
  3 dart slugs
  4 giant geckos
  3 orcs (D:3)
  2 giant cockroaches
  5 goblins
  12 hobgoblins
  3 jackals (D:2)
  5 kobolds
  A quokka (D:3)
  5 bats
  15 giant newts
  7 rats
70 creatures vanquished.

Notes
Turn   | Place    | Note
--------------------------------------------------------------
     0 | D:1      | nubinia the Deep Dwarf Earth Elementalist began the quest for the Orb.
     0 | D:1      | Reached XP level 1. HP: 15/15 MP: 3/3
   267 | D:1      | Reached XP level 2. HP: 22/22 MP: 1/4
   766 | D:1      | Reached XP level 3. HP: 22/28 MP: 4/6
  1099 | D:2      | Reached skill level 5 in Earth Magic
  1242 | D:2      | Found a faded altar to an unknown god.
  1253 | D:2      | Became a worshipper of Ashenzari the Shackled
  1253 | D:2      | Reached * piety under Ashenzari
  1730 | D:2      | Reached XP level 4. HP: 16/36 MP: 7/7
  1734 | D:2      | Learned a level 2 spell: Passwall
  1738 | D:2      | Learned a level 3 spell: Stone Arrow
  2106 | D:3      | Noticed Terence
  2278 | D:3      | Reached XP level 5. HP: 42/42 MP: 9/9
  2464 | D:3      | Quit the game

Vault maps used:
D:1:      dpeg_arrival_castle, minmay_splitting_lines, hex_large,
          minmay_lizard_king
D:2:      ecumenical_altar_1
D:3:      lemuel_crystal_altar, uniq_terence, uniq_robin

Skill      XL: |  1  2  3 |
---------------+----------+-----
Spellcasting   | 2 |  2.8
Earth Magic    | 5 |  5.8
Maces & Flails | |  0.6
Slings         | |  0.4
Dodging        | |  2.9
Stealth        | |  2.7
Transmutations | |  0.8

Action                   |  1- 3 |  4- 6 || total
-------------------------+-------+-------++-------
Melee: Club              |    55 |       ||    55
 Fire: Hunting sling     |    15 |    25 ||    40
 Cast: Sandblast         |    54 |    17 ||    71
       Stone Arrow       |       |     2 ||     2
Evoke: Wand              |       |     1 ||     1
  Use: Scroll            |     1 |       ||     1
  Eat: Chunk             |     4 |     2 ||     6
Armor: Robe              |    13 |       ||    13
Dodge: Dodged            |    52 |     2 ||    54
